 Dungeon Crawl Stone Soup version 0.30-a0-305-g026cb31310 (webtiles) character file.

Game seed: 12570577304394973471

206 Sweetruy1997 the Slasher (level 5, -3/1 (42) HPs)
             Began as a Demonspawn Chaos Knight on Oct 22, 2022.
             Was a Plaything of Xom.
             Killed from afar by Darkkill's ghost (4 damage)
             ... with a magic dart
             ... on level 3 of the Dungeon.
             The game lasted 00:08:50 (2111 turns).

Sweetruy1997 the Slasher (Demonspawn Chaos Knight)  Turns: 2111, Time: 00:08:51

HP:   -3/1 (42)     AC: 13    Str: 13    XL:     5   Next: 53%
MP:   5/5           EV:  9    Int:  8    God:    Xom [..*...]
Gold: 169           SH:  6    Dex: 19    Spells: 4/4 levels left

rFire   . . .      SeeInvis .    a - +0 falchion (chaos)
rCold   . . .      Faith    .    (no shield)
rNeg    . . .      Spirit   .    u - +5 scale mail "Kyehuot" {+Inv Int-5 Dex+5}
rPois   .          Reflect  .    (no helmet)
rElec   .          Harm     .    p - +1 cloak
rCorr   .          Rampage  .    (no gloves)
Will    .....                    (no boots)
Stlth   +.........               (no amulet)
HPRegen 0.20/turn                (no ring)
MPRegen 0.09/turn                (no ring)

@: very slightly contaminated, extremely drained, invisible (expiring)
A: large bone plates 2, ignite blood 1, demonic touch 1
a: Renounce Religion, Evoke Invisibility


You were on level 3 of the Dungeon.
You worshipped Xom.
You were a toy of Xom.
You visited 1 branch of the dungeon, and saw 3 of its levels.

You collected 169 gold pieces.

Inventory:

Hand Weapons
 a - a +0 falchion of chaos (weapon)
Missiles
 l - 4 javelins
Armour
 b - a +2 leather armour
 p - a +1 cloak (worn)
 u - the +5 scale mail "Kyehuot" (worn) {+Inv Int-5 Dex+5}
   (You found it on level 3 of the Dungeon)

   Int:       It affects your intelligence (-5).
   Dex:       It affects your dexterity (+5).
   +Inv:      It lets you turn invisible.
Wands
 n - a wand of quicksilver (7)
Scrolls
 d - a scroll of immolation {unknown}
 e - 2 scrolls of amnesia {unknown}
 f - 2 scrolls of identify {unknown}
 g - a scroll of noise {unknown}
 h - 2 scrolls of fear {unknown}
 i - 3 scrolls of teleportation {unknown}
 k - a scroll of enchant armour {unknown}
 m - a scroll of enchant weapon {unknown}
 q - 2 scrolls of vulnerability {unknown}
 r - a scroll of summoning {unknown}
 s - a scroll of magic mapping {unknown}
 t - a scroll of poison {unknown}
Potions
 j - 2 potions of ambrosia {unknown}
 o - 2 potions of heal wounds
Miscellaneous
 c - a piece from Xom's chessboard (7/15) (quivered)


   Skills:
 + Level 3.8 Fighting
 + Level 4.0 Long Blades
 + Level 2.8 Armour
 + Level 1.6 Dodging
 - Level 1.0 Stealth
 - Level 1.0 Shields
 + Level 0.4 Evocations


You had 4 spell levels left.
You didn't know any spells.
Your spell library contained the following spells:

 Spells                   Type           Power      Damage    Failure   Level
 Ensorcelled Hibernation  Hex/Ice        0%         N/A       96%         2
 Spider Form              Tmut/Pois      0%         N/A       99%         3
 Anguish                  Hex/Necr       0%         N/A       100%        4


Dungeon Overview and Level Annotations

Branches:
Dungeon (3/15)

Altars:

Annotations:
D:3 Darkkill's ghost, amateur VSCj


Innate Abilities, Weirdness & Mutations

You are mostly covered in large bone plates. (SH +6)
Your demonic aura sometimes causes spilled blood to erupt in flames.
Your touch may inflict minor irresistible damage on your foes.


Message History

You are very lightly contaminated with residual magic.
You are already invisible!
As you open the gate, it creaks loudly!
The kobold throws a boomerang.
The boomerang hits the kobold.
The kobold dies!
Darkkill's ghost gestures at you while chanting.
The magic dart hits the kobold!
The kobold dies!
Xom thinks this is hilarious!
Xom's power almost touches on you for a moment.
Your eyebrows wriggle.
The kobold throws a boomerang.
You hit Darkkill's ghost but do no damage.
You flicker for a moment.
Darkkill's ghost hits you but does no damage.
Darkkill's ghost hits you but does no damage.
The kobold brigand throws a poisoned dart.
The poisoned dart hits Darkkill's ghost!
You block the kobold's attack.
You catch the helpless kobold completely off-guard!
You hit the kobold.
The kobold is poisoned.
Your touch misses the kobold.
The kobold is severely wounded.
Darkkill's ghost points at you and mumbles some strange words.
The magic dart hits you but does no damage.
The kobold hits you but does no damage.
You feel drained.
You barely miss the kobold.
The kobold is severely wounded.
Darkkill's ghost gestures at you while chanting.
The magic dart hits you but does no damage.
The kobold completely misses you. You block Darkkill's ghost's attack.
The kobold barely misses you.
You hit the kobold.
The kobold is severely wounded.
You kill the kobold!
The kobold barely misses you.
Darkkill's ghost whispers, "Meet the emptiness of death!"
Darkkill's ghost points at you and mumbles some strange words.
The magic dart hits you.
Ouch! That really hurt!
You die...
Xom snickers!

~~≈~...######### ... ##
~.~~~..#......#.#...#.#
~~≈~...#......#⌠.#.#.⌠#
≈≈~~...#......#.#...#.#
≈≈≈....#......##).$..###
≈~~....#.......##')'##.#
######.......(..K......#
#..........K#K#####
#...).....K@WK#
#.).######'####
##...######.# ###
#.........#.# ..#
#.........#.# #.#
#.........#.# #.#
#.........#.######. #.#
#.................. #.#
##########.........


You could see a kobold brigand (unable to see you), Darkkill's ghost (unable to
see you) and 4 kobolds.

Vanquished Creatures
  Jessica (D:2)
  Natasha (twice) (D:2)
  4 adders (D:2)
  5 worms
  3 dart slugs
  7 ball pythons
  5 endoplasms (D:2)
  4 giant cockroaches
  10 goblins
  10 hobgoblins
  2 quokkas (D:1)
  3 bats
  3 frilled lizards (D:2)
  10 kobolds
  5 rats
74 creatures vanquished.

Vanquished Creatures (others)
  2 kobolds (D:3)
2 creatures vanquished.

Grand Total: 76 creatures vanquished

Notes
Turn   | Place    | Note
-------+----------+-------------------------------------------
     0 | D:1      | Sweetruy1997 the Demonspawn Chaos Knight began the quest
                  | for the Orb.
     0 | D:1      | Reached XP level 1. HP: 18/18 MP: 1/1
    39 | D:1      | XOM: smoke on damage
   203 | D:1      | Reached skill level 3 in Long Blades
   203 | D:1      | Gained mutation: You are partially covered in large bone
                  | plates. (SH +4) [demonic ancestry]
   203 | D:1      | Reached XP level 2. HP: 24/24 MP: 2/2
   227 | D:1      | XOM: silly message
   295 | D:1      | XOM: silly message
   425 | D:1      | XOM: divination: detect creatures
   539 | D:1      | XOM: noise
   642 | D:2      | XOM: silly message
   758 | D:2      | Gained mutation: You are mostly covered in large bone
                  | plates. (SH +6) [demonic ancestry]
   758 | D:2      | Reached XP level 3. HP: 29/29 MP: 3/3
   811 | D:2      | XOM: potion effect (haste)
   920 | D:2      | XOM: enchant monster (bad)
   929 | D:2      | Reached skill level 1 in Dodging
  1013 | D:2      | Noticed Jessica
  1020 | D:2      | Killed Jessica
  1021 | D:2      | Gained mutation: Your touch may inflict minor irresistible
                  | damage on your foes. [demonic ancestry]
  1021 | D:2      | Reached XP level 4. HP: 23/35 MP: 4/4
  1125 | D:2      | Noticed Natasha
  1131 | D:2      | Killed Natasha
  1280 | D:2      | Noticed Natasha
  1288 | D:2      | Gained mutation: Your demonic aura sometimes causes spilled
                  | blood to erupt in flames. [demonic ancestry]
  1288 | D:2      | Reached XP level 5. HP: 35/42 MP: 5/5
  1292 | D:2      | XOM: divination: detect items
  1293 | D:2      | Killed Natasha
  1294 | D:2      | Reached skill level 1 in Stealth
  1656 | D:2      | Reached skill level 1 in Shields
  1986 | D:3      | Reached skill level 4 in Long Blades
  2006 | D:3      | Identified the +5 scale mail "Kyehuot" {+Inv Int-5 Dex+5}
  2061 | D:3      | Found a runed translucent gate.
  2061 | D:3      | Found a runed translucent gate.
  2061 | D:3      | Noticed Darkkill's ghost (amateur VSCj)
  2063 | D:3      | Found a runed translucent gate.
  2103 | D:3      | XOM: silly message
  2111 | D:3      | Killed from afar by Darkkill's ghost

Illustrated notes

Levels and vault maps discovered:
D:1:      dpeg_arrival_simpleton_c, layout_basic, serial_glass, glass_columns_c,
          glass_columns_b, due_unseen_surprise, minmay_strange_pillars,
          feat_on_display, minmay_strange_pillars
D:2:      layout_basic, minmay_joined_circles, uniq_natasha, uniq_jessica
D:3:      layout_basic, basic_ecumenical_altar, gammafunk_ghost_nasty_kobolds,
          chequers_serial_rivers_large_a

Skill      XL: |  1  2  3  4  5 |
---------------+----------------+-----
Long Blades    | 3 4 |  4.0
Armour         | 2 |  2.8
Dodging        | 1 |  1.6
Stealth        | 1 |  1.0
Shields        | 1 |  1.0
Fighting       | |  3.8
Evocations     | |  0.4

Action                   |  1- 3 |  4- 6 || total
-------------------------+-------+-------++-------
Melee: Falchion          |   114 |    81 ||   195
       Punch             |     1 |       ||     1
       Touch             |       |    16 ||    16
 Abil: Evoke Invisibilit |       |     1 ||     1
Evoke: Piece from Xom's  |    12 |     4 ||    16
 Stab: Petrifying        |     1 |       ||     1
       Petrified         |     1 |       ||     1
       Confused          |       |     1 ||     1
       Invisible         |       |     1 ||     1
Armor: Leather armour    |    28 |    20 ||    48
       Scale mail        |       |     6 ||     6
Dodge: Dodged            |    44 |    34 ||    78
Block: Other             |    18 |    17 ||    35

Table legend: (Time is in decaauts)
 A = Elapsed time spent in this place.
 B = Non-inter-level travel time spent in this place.
 C = Inter-level travel time spent in this place.
 D = Time resting spent in this place.
 E = Time spent auto-exploring this place.
 F = Levels seen in this place.
 G = Mean time per level.
                   A        B        C        D        E       F      G
               +--------+--------+--------+--------+--------+-----+--------+
         Total |   2139 |   2109 |     30 |      0 |   1438 |   3 |  713.0 |
       Dungeon |   2139 |   2109 |     30 |      0 |   1438 |   3 |  713.0 |
               +--------+--------+--------+--------+--------+-----+--------+

Top non-repeatable levels by time:
     D:2: 1186 daAuts
     D:1: 543 daAuts
     D:3: 408 daAuts
